 Dungeon Crawl Stone Soup version 0.31-a0-40-g1d5085d191 (webtiles) character file.

Game seed: 4948284300572686720

25 dracfodder the Digger (level 2, -9/20 HPs)
             Began as a Demigod Earth Elementalist on May 17, 2023.
             Mangled by a gnoll
             ... wielding a +0 heavy flail
              (10 damage)
             ... on level 2 of the Dungeon.
             The game lasted 00:04:54 (1136 turns).

dracfodder the Digger (Demigod Earth Elementalist)  Turns: 1136, Time: 00:04:55

Health: -9/20      AC:  2    Str:  9    XL:     2   Next: 63%
Magic:  0/7        EV: 12    Int: 17    God:
Gold:   86         SH:  0    Dex: 14    Spells: 4/5 levels left

rFire   . . .        d - +0 dagger
rCold   . . .        (no shield)
rNeg    . . .        a - +0 robe
rPois   .            (no helmet)
rElec   .            (no cloak)
rCorr   .            (no gloves)
SInv    .            (no boots)
Will    .....        (no amulet)
Stlth   ++           (no ring)
HPRegen 0.23/turn    (no ring)
MPRegen 0.10/turn

%: no passive effects
@: no status effects
A: high MP 1, forlorn, divine attributes
a: no special abilities


You were on level 2 of the Dungeon.
You visited 1 branch of the dungeon, and saw 2 of its levels.

You collected 86 gold pieces.

Inventory:

Hand Weapons
 d - a +0 dagger (weapon)
Missiles
 h - 4 boomerangs
Armour
 a - a +0 robe (worn)
Scrolls
 c - 2 scrolls of identify {unknown}
 e - 2 scrolls of teleportation {unknown}
 g - a scroll of blinking {unknown}
Potions
 b - a potion of magic
 f - a potion of haste {unknown}
 i - a potion of ambrosia {unknown}


   Skills:
 + Level 1.8 Dodging
 + Level 1.8 Stealth
 + Level 2.4 Spellcasting
 + Level 0.8 Transmutations
 + Level 3.1 Earth Magic


You had 4 spell levels left.
You knew the following spells:

 Your Spells              Type           Power      Damage    Failure   Level
a - Sandblast             Erth           24%        2d8       4%          1

Your spell library contained the following spells:

 Spells                   Type           Power      Damage    Failure   Level
 Passwall                 Tmut/Erth      6%         N/A       12%         2
 Slow                     Hex            8%         N/A       19%         1
 Stone Arrow              Conj/Erth      14%        3d7       28%         3
 Confusing Touch          Hex            2%         N/A       50%         3
 Vampiric Draining        Necr           2%         2d6       50%         3
 Petrify                  Tmut/Erth      8%         N/A       63%         4


Dungeon Overview and Level Annotations

Branches:
Dungeon (2/15)

Shops:
D:1 [


Innate Abilities, Weirdness & Mutations

You have an increased reservoir of magic. (+10% MP)
You shall have no god before yourself.
Your divine heritage dramatically boosts your attributes as you level up.


Message History

Aiming: Sandblast (safe; 5% risk of failure)
Press: ? - help, Q - select action, (/) - cycle Shift-Dir - straight line, f/p - gnoll
Aim: a gnoll, wielding a +0 halberd (84% to hit)
The blast of sand hits the gnoll.
The gnoll is moderately wounded.
The gnoll hits you from afar with a +0 halberd.
Aiming: Sandblast (safe; 5% risk of failure)
Press: ? - help, Q - select action, (/) - cycle Shift-Dir - straight line, f/p - gnoll
Aim: a gnoll, wielding a +0 halberd (moderately wounded, 84% to hit)
The blast of sand hits the gnoll!
The gnoll is almost dead.
The gnoll barely misses you.
The gnoll hits you from afar with a +0 halberd!
Ouch! That really hurt!
* * * LOW HITPOINT WARNING * * *
Aiming: Sandblast (safe; 5% risk of failure)
Press: ? - help, Q - select action, (/) - cycle Shift-Dir - straight line, f/p - gnoll
Aim: a gnoll, wielding a +0 halberd (almost dead, 84% to hit)
The blast of sand hits the gnoll!
You kill the gnoll!
Aiming: Sandblast (safe; 4% risk of failure)
Press: ? - help, Q - select action, (/) - cycle Shift-Dir - straight line, f - gnoll
Aim: a gnoll, wielding a +0 club (84% to hit)
The blast of sand hits the gnoll but does no damage.
Your magical contamination has completely faded away.
Aiming: Sandblast (safe; 4% risk of failure)
Press: ? - help, Q - select action, (/) - cycle Shift-Dir - straight line, f/p - gnoll
Aim: a gnoll, wielding a +0 club (84% to hit)
The blast of sand hits the gnoll!
The gnoll is heavily wounded.
The gnoll hits you with a +0 club.
* * * LOW HITPOINT WARNING * * *
Aiming: Sandblast (safe; 4% risk of failure)
Press: ? - help, Q - select action, (/) - cycle Shift-Dir - straight line, f/p - gnoll
Aim: a gnoll, wielding a +0 club (heavily wounded, 84% to hit)
The blast of sand hits the gnoll!
You kill the gnoll!
The gnoll hits you with a +0 heavy flail!
Ouch! That really hurt!
You die...

# .......
#.#######....... ###
#.#............. ..#
##.#............. ..#
##................ ..##
#..##.............
...####.##..............
...#.....#...###........
...#.#.#...### #@#######
..>....##.## #g#
[.....##..######)####
.#.#................+
.#.#####.######.†..##
...# #.# #....# ...# #+
#....# .... .........
#..# .......#####


You could see a gnoll.

Vanquished Creatures
  2 gnolls (D:2)
  A dart slug (D:2)
  A ball python (D:1)
  A giant cockroach (D:2)
  2 goblins (D:1)
  2 hobgoblins
  2 quokkas
  A bat (D:1)
  2 rats
14 creatures vanquished.

Notes
Turn   | Place    | Note
-------+----------+-------------------------------------------
     0 | D:1      | dracfodder the Demigod Earth Elementalist began the quest
                  | for the Orb.
     0 | D:1      | Reached XP level 1. HP: 14/14 MP: 5/5
   462 | D:1      | Found Vauzyn's Armour Shoppe.
  1042 | D:2      | Reached XP level 2. HP: 20/20 MP: 4/7
  1051 | D:2      | Reached skill level 3 in Earth Magic
  1135 | D:2      | HP: 1/20 [gnoll/+0 club (5)]
  1136 | D:2      | Mangled by a gnoll

Illustrated notes

Levels and vault maps discovered:
D:1:      sevenhm_arrival_forest_fort_small_6, layout_basic, serial_shops, shop
D:2:      layout_basic, basic_altar, minmay_pentomino_r2

Skill      XL: |  1  2 |
---------------+-------+-----
Spellcasting   | 2 |  2.4
Earth Magic    | 3 |  3.1
Dodging        | |  1.8
Stealth        | |  1.8
Transmutations | |  0.8

Action                     || total
---------------------------++-------
  Throw: Boomerang         ||     3
   Cast: Sandblast         ||    26
  Dodge: Dodged            ||     2

Table legend: (Time is in decaauts)
 A = Elapsed time spent in this place.
 B = Non-inter-level travel time spent in this place.
 C = Inter-level travel time spent in this place.
 D = Time resting spent in this place.
 E = Time spent auto-exploring this place.
 F = Levels seen in this place.
 G = Mean time per level.
                   A        B        C        D        E       F      G
               +--------+--------+--------+--------+--------+-----+--------+
         Total |   1148 |   1121 |     27 |    323 |    672 |   2 |  574.0 |
       Dungeon |   1148 |   1121 |     27 |    323 |    672 |   2 |  574.0 |
               +--------+--------+--------+--------+--------+-----+--------+

Top non-repeatable levels by time:
     D:1: 961 daAuts
     D:2: 187 daAuts
